Map: Ever Dream LE

Players

Hønsking

  • Race: Zerg Zerg
  • League: Master
  • Spawn Location: 1:00

A.I. 1 (Very Easy) - Winner!

  • Race: Zerg Zerg
  • Spawn Location: 7:00

VOD

Have the link to the VOD?

Description

Time

  • Played on: April 22, 2020, 6:48 a.m.
  • Length: 5:52
Show
View Real Time Build Order
Export as new Build Order

Hønsking Zerg 

Build Orders: Hatch First 

Get SALT Encoding   

  12  0:04  Drone  
  13  0:12  Overlord  
  13  0:20  Drone  
  14  0:32  Drone x2  
  16  0:49  Hatchery  
  15  0:52  Drone  
  15  0:55  Drone  
  17  0:59  Drone  
  18  1:10  Extractor  
  17  1:14  Spawning Pool  
  17  1:17  Drone  
  17  1:20  Drone  
  18  1:29  Drone  
  19  1:40  Drone  
  20  2:00  Overlord  
  20  2:01  Queen x2  
  20  2:02  Zergling x4  
  26  2:12  Metabolic Boost  
  27  2:15  Drone x2  
  28  2:29  Hatchery  
  27  2:34  Drone x2  
  29  2:41  Queen  
  31  2:47  Overlord  
  31  2:51  Drone  
  32  2:54  Drone x2  
  34  3:00  Drone x2  
  36  3:07  Drone  
  37  3:18  Queen  
  39  3:22  Overlord, Drone x2  
  39  3:23  Drone  
  42  3:31  Drone x2  
  44  3:39  Overlord  
  44  3:42  Drone x2  
  44  3:45  Queen  
  44  3:48  Zergling x6  
  51  3:50  Baneling Nest  
  50  3:56  Drone x2  
  50  3:57  Lair  
  50  3:59  Drone x2  
  54  4:06  Overlord  
  54  4:07  Drone x2  
  57  4:10  Drone  
  57  4:19  Extractor  
  57  4:21  Drone  
  57  4:27  Drone x5  
  57  4:28  Drone  
  63  4:31  Drone  
  63  4:32  Overlord  
  63  4:33  Drone x2  
  63  4:36  Baneling  
  63  4:37  Baneling  
  66  4:39  Drone x2  
  66  4:44  Drone  
  69  4:46  Extractor  
  68  4:53  Drone x2, Evolution Chamber  
  68  4:54  Drone, Evolution Chamber  
  68  4:55  Drone x3  
  68  4:59  Overlord, Extractor  
  71  5:00  Drone x6  
  71  5:01  Drone  
  78  5:17  Extractor  
  78  5:21  Drone x3  
  80  5:28  Overlord  
  80  5:29  Overlord  
  84  5:37  Drone x2  
  84  5:39  Drone  
  90  5:48  Hydralisk Den  
Show
View Real Time Build Order
Export as new Build Order

A.I. 1 (Very Easy) Zerg - Winner!

Build Orders: Pool Only 

Get SALT Encoding   

  12  0:00  Drone  
  13  0:12  Overlord  
  13  0:16  Drone  
  14  0:34  Spawning Pool  
  13  0:36  Drone  
  13  0:41  Extractor  
  13  0:44  Drone  
  14  0:52  Overlord  
  14  1:21  Queen  
  14  1:22  Zergling x2  
  17  1:30  Roach Warren  
  17  1:31  Extractor  
  15  1:36  Drone  
  16  1:43  Drone  
  17  1:48  Zergling x2  
  18  2:01  Drone  
  19  2:08  Drone  
  20  2:13  Zergling x2  
  21  2:19  Drone  
  22  2:28  Overlord  
  22  2:31  Drone  
  23  2:38  Drone  
  23  2:39  Roach  
  26  2:45  Drone  
Tags
 
League
Master
Matchup
ZvZ
Race
Zerg
Spawn Locations
Cross Positions
Add a new tag
Caveats
  • Supply blocks, unpowered buildings, or Contaminate may cause inaccurate times.
  • Supply counts are checked every 10 seconds.